 Dungeon Crawl Stone Soup version 0.30-a0-377-g5cb311bc9f (webtiles) character file.

Game seed: 15055908700544453303

61262 funkygono the Eclecticist (level 14, -2/91 HPs)
             Began as a Demonspawn Fire Elementalist on Nov 28, 2022.
             Was an Elder of Vehumet.
             Killed from afar by Asterion (7 damage)
             ... with a fireball
             ... on level 1 of the Spider Nest on Nov 29, 2022.
             The game lasted 00:57:40 (24303 turns).

funkygono the Eclecticist (DsFE)                   Turns: 24303, Time: 00:57:41

Health: -2/91      AC: 14    Str:  8    XL:     14   Next: 60%
Magic:  34/43      EV: 13    Int: 21    God:    Vehumet [****..]
Gold:   1838       SH:  0    Dex: 18    Spells: 13/45 levels left

rFire   + + +      SeeInvis .    c - +2 whip (spect)
rCold   . . .      Faith    .    (no shield)
rNeg    + . .      Spirit   .    j - +2 robe {rF+}
rPois   +          Reflect  .    v - +1 helmet
rElec   .          Harm     .    o - +0 cloak "Uqotont" {rPois rC+ rCorr}
rCorr   +          Rampage  .    M - +1 pair of gloves
Will    +....                    p - +0 pair of boots
Stlth   ++........               x - amulet of regeneration
HPRegen 1.15/turn                y - ring "Efomugig" {rF+ rN+ MP+9 Dex+3}
MPRegen 0.28/turn                k - ring of fire

@: no status effects
A: hooves 1, slimy green scales 3, demonic guardian 2, demonic magic 2
a: Renounce Religion


You were on level 1 of the Spider Nest.
You worshipped Vehumet.
Vehumet was greatly pleased with you.
You visited 5 branches of the dungeon, and saw 19 of its levels.
You also visited: Sewer.

You collected 1838 gold pieces.

Inventory:

Hand Weapons
 c - a +2 spectral whip (weapon)
 f - a +7 eveningstar of chaos
 w - a +4 flail of draining
Armour
 a - a +0 robe
 j - a +2 robe of fire resistance (worn)
 o - the +0 cloak "Uqotont" (worn) {rPois rC+ rCorr}
   (You found it on level 2 of the Lair of Beasts)

   rC:        It protects you from cold.
   rPois:     It protects you from poison.
   rCorr:     It protects you from acid and corrosion.
 p - a +0 pair of boots (worn)
 v - a +1 helmet (worn)
 M - a +1 pair of gloves (worn)
Magical Staves
 h - a staff of air
 r - a staff of cold
 D - a staff of cold
Jewellery
 k - a ring of fire (right hand)
 m - a +4 ring of evasion
 n - an amulet of reflection
 x - an amulet of regeneration (around neck)
 y - the ring "Efomugig" (left hand) {rF+ rN+ MP+9 Dex+3}
   (You took it off Sonja on level 5 of the Lair of Beasts)

   [ring of magical power]

   Dex:       It affects your dexterity (+3).
   rF:        It protects you from fire.
   rN:        It protects you from negative energy.
   MP:        It affects your magic capacity (+9).
 B - a +6 ring of intelligence
 K - a ring of willpower
 N - a ring of see invisible
Wands
 e - a wand of roots (14)
 A - a wand of mindburst (36) (quivered)
 J - a wand of light (8)
 O - a wand of flame (26)
 Q - a wand of charming (2)
Scrolls
 g - 2 scrolls of blinking
 i - 2 scrolls of poison
 t - 4 scrolls of magic mapping
 E - 3 scrolls of teleportation
 I - 10 scrolls of identify
 L - a scroll of fog
 P - 2 scrolls of amnesia
Potions
 b - 2 potions of magic
 d - 4 potions of flight
 l - 4 potions of heal wounds
 q - 10 potions of curing
 s - a potion of ambrosia
 F - a potion of might
 G - 2 potions of haste
 H - a potion of invisibility


   Skills:
 + Level 2.3 Fighting
 + Level 2.5 Maces & Flails
 + Level 3.3 Dodging
 - Level 1.7 Stealth
 + Level 0.2 Shields
 + Level 16.1 Spellcasting
 + Level 9.3 Conjurations
 + Level 2.0 Transmutations
 + Level 12.0 Fire Magic
 + Level 10.3 Poison Magic


You had 13 spell levels left.
You knew the following spells:

 Your Spells              Type           Power      Damage    Failure   Level
a - Foxfire               Conj/Fire      100%       2x1d9     1%          1
b - Scorch                Fire           100%       2d10      1%          2
c - Kindle Blastsparks    Fire/Tloc/Air  100%       2d18      1%          3
d - Flame Wave            Conj/Fire      75%        2d17      1%          4
e - Sting                 Tmut/Pois      100%       1d8       1%          1
f - Olgreb's Toxic Radia  Pois           57%        N/A       1%          4
g - Sandblast             Erth           32%        2d9       1%          1
h - Fireball              Conj/Fire      37%        3d15      1%          5
i - Arcjolt               Conj/Air       18%        1d28      4%          5
j - Starburst             Conj/Fire      37%        6d11      1%          6

Your spell library contained the following spells:

 Spells                   Type           Power      Damage    Failure   Level
 Magic Dart               Conj           100%       1d8       1%          1
 Momentum Strike          Conj/Tloc      72%        3d10      1%          2
 Poisonous Vapours        Pois/Air       76%        N/A       1%          2
 Inner Flame              Hex/Fire       59%        N/A       1%          3
 Mephitic Cloud           Conj/Pois/Air  44%        N/A       1%          3
 Blink                    Tloc           34%        N/A       4%          2
 Call Imp                 Summ           16%        N/A       5%          2
 Gell's Gravitas          Tloc           17%        N/A       10%         3
 Lesser Beckoning         Tloc           34%        N/A       10%         3
 Teleport Other           Tloc           17%        N/A       10%         3
 Conjure Ball Lightning   Conj/Air       18%        3x3d6     21%         6
 Lee's Rapid Deconstruct  Erth           8%         3d7*      24%         5
 Leda's Liquefaction      Hex/Erth       8%         N/A       34%         4
 Statue Form              Tmut/Erth      14%        N/A       98%         6
 Dispersal                Tloc           8%         N/A       99%         6
 Discord                  Hex            8%         N/A       100%        8
 Disjunction              Tloc           8%         N/A       100%        8


Dungeon Overview and Level Annotations

Branches:
Dungeon (10/15)            Temple (1/1) D:5            Lair (5/5) D:8
 Shoals (0/4) Lair:2       Spider (1/4) Lair:3        Slime (0/5) Lair:4
    Orc (2/2) D:9             Elf (0/3) Orc:2         Sewer (visited)

Altars:
Ashenzari
Cheibriados
Dithmenos
Fedhas
Gozag
Hepliaklqana
Kikubaaqudgha
Makhleb
Nemelex Xobeh
Okawaru
Qazlal
Ru
Sif Muna
Trog
Uskayaw
Vehumet
Wu Jian
Xom
Yredelemnul
Jiyva
Lugonu

Shops:
Orc:2 *?*(*[==

Portals:
Abyss: Orc:2

Annotations:
D:5 2 transporters, DEFE's ghost, amateur DsFi
Spider:1 Asterion


Innate Abilities, Weirdness & Mutations

You have large cloven feet.
You are completely covered in slimy green scales. (AC +4, rPois)
A demonic guardian rushes to your aid.
Spells you cast may paralyse nearby enemies.


Message History

The wolf spider is moderately wounded.
You hear a faint skittering sound. x2
An orb spider comes into view.
The demonic crawler hits you!
* * * LOW HITPOINT WARNING * * *
A demonic guardian appears!
The demonic crawler hits you.
* * * LOW HITPOINT WARNING * * *
The demonic crawler hits you!
* * * LOW HITPOINT WARNING * * *
A jumping spider comes into view.
Asterion utters an invocation to Makhleb.
Send 'em back where they came from!
Your rust devil disappears in a puff of smoke!
The orb spider's many legs skitter faintly.
A wave of flame ripples out!
The flame wave engulfs Asterion.
Asterion is almost dead.
The flame wave engulfs the demonic crawler but does no damage.
The demonic crawler is severely wounded.
The flame wave engulfs the culicivora!!
The culicivora is severely wounded.
The flame wave engulfs the wolf spider!!
The wolf spider is severely wounded.
The flame wave engulfs the redback!!
You kill the redback!
Vehumet accepts your kill.
The flame wave engulfs the culicivora!
The culicivora is almost dead.
The flame wave engulfs the culicivora!!
The culicivora is severely wounded.
You hear a chilling moan.
The wolf spider is healed somewhat.
Asterion utters an invocation to Makhleb.
The demonic crawler closely misses you.
The demonic crawler hits you but does no damage.
The demonic crawler hits you.
* * * LOW HITPOINT WARNING * * *
An entropy weaver comes into view.
Asterion conjures a destructive force in the name of Makhleb!
The fireball explodes!
The fireball engulfs you! You resist.
You die...

..## s...
. ... #.#.
#. .. ..s#
#.. #.#
... #...
s. B.
#.#..#s#s
.....sHs##
#s@2#
##.## ##.
#. #. #.
#. ##


You could see Asterion (fast), an entropy weaver, a blizzard demon (summoned), a
demonic crawler, a wolf spider, an orb spider, 3 culicivoras and a redback.

Vanquished Creatures
  3 slime creatures (D:10)
  A catoblepas (Lair:4)
  A hydra (Lair:5)
  Erica (D:10)
  A two-headed ogre (D:10)
  4 death yaks (Lair:5)
  The ghost of nabbywabby the Dealer of Despair, a novice DsNe of Kikubaaqudgha (D:9)
  An orc high priest (Orc:2)
  Sonja (Lair:5)
  A fire crab (shapeshifter) (Orc:2)
  5 orc knights (Orc:2)
  An oklob plant (Lair:4)
  3 orc sorcerers
  A wolf spider (Spider:1)
  A cyclops (D:9)
  8 elephants
  4 black mambas
  A gargoyle (D:9)
  A torpor snail (Lair:5)
  21 cane toads
  A demonic crawler (Lair:3)
  14 komodo dragons
  5 rime drakes
  2 trolls
  4 tyrant leeches (Lair:5)
  A polar bear (Lair:5)
  A hornet (D:6)
  30 blink frogs (Lair:5)
  2 dream sheep (Lair:5)
  2 shadows (D:9)
  3 wyverns
  48 yaks
  A culicivora (Spider:1)
  2 basilisks
  5 vampire mosquitoes (Lair:5)
  2 steam dragons (Lair:2)
  2 redbacks (Spider:1)
  5 wargs
  Edmund (D:4)
  13 water moccasins
  27 orc warriors
  2 black bears
  2 ice beasts
  4 ogres
  7 centaurs
  8 wolves
  2 phantoms
  3 kobold brigands
  17 bullfrogs
  A gnoll sergeant (D:7)
  Blork the orc (D:6)
  A necrophage (D:6)
  11 scorpions
  5 wights (D:9)
  7 killer bees
  A troll zombie (D:9)
  3 electric eels
  A howler monkey (D:7)
  6 hounds
  17 jellies
  14 orc priests
  Jessica (D:3)
  5 iguanas
  7 hell rats (Lair:2)
  Natasha (thrice) (D:2)
  23 orc wizards
  5 ogre zombies (D:9)
  Robin (D:3)
  12 adders
  8 gnolls
  5 river rats (Sewer)
  A shadow imp (D:7)
  A white imp (D:6)
  An ufetubus (D:4)
  4 worms
  3 dart slugs
  59 orcs
  18 ball pythons
  9 endoplasms
  6 giant cockroaches
  18 goblins
  18 hobgoblins
  8 jackals
  8 quokkas
  5 bats
  8 frilled lizards
  2 goblin skeletons (D:9)
  3 goblin zombies (D:9)
  A hobgoblin skeleton (D:9)
  4 hobgoblin zombies (D:9)
  23 kobolds
  2 orc skeletons (D:9)
  7 orc zombies (D:9)
  28 rats
  15 bushes (Lair:4)
  2 lurking horrors (Orc:2)
669 creatures vanquished.

Vanquished Creatures (collateral kills)
  Urug (Orc:1)
  An orc knight (Orc:2)
  An elephant (Lair:5)
  A torpor snail (Lair:5)
  3 cane toads (Lair:5)
  2 komodo dragons
  A dream sheep (Lair:5)
  4 yaks (Lair:5)
  A redback (Spider:1)
  Grum (D:8)
  2 wolves (D:8)
  18 foxfires
36 creatures vanquished.

Vanquished Creatures (others)
  1500 foxfires
  71 fungi
  175 plants
1746 creatures vanquished.

Grand Total: 2451 creatures vanquished

Notes
Turn   | Place    | Note
-------+----------+-------------------------------------------
     0 | D:1      | funkygono the Demonspawn Fire Elementalist began the quest
                  | for the Orb.
     0 | D:1      | Reached XP level 1. HP: 13/13 MP: 3/3
   268 | D:1      | Gained mutation: Spells you cast may paralyse adjacent
                  | enemies. [demonic ancestry]
   268 | D:1      | Reached XP level 2. HP: 19/19 MP: 3/5
   388 | D:1      | Learned a level 2 spell: Scorch
   952 | D:1      | Gained mutation: A weak demonic guardian rushes to your
                  | aid. [demonic ancestry]
   952 | D:1      | Reached XP level 3. HP: 24/24 MP: 3/6
   956 | D:1      | Learned a level 3 spell: Kindle Blastsparks
  1689 | D:2      | Noticed Natasha
  1695 | D:2      | Killed Natasha
  1696 | D:2      | Gained mutation: A demonic guardian rushes to your aid.
                  | [demonic ancestry]
  1696 | D:2      | Reached XP level 4. HP: 30/30 MP: 8/8
  2147 | D:2      | Noticed Natasha
  2154 | D:2      | Killed Natasha
  2155 | D:2      | Reached skill level 3 in Spellcasting
  2241 | D:2      | Reached XP level 5. HP: 35/35 MP: 9/9
  2320 | D:2      | Noticed Natasha
  2325 | D:2      | Killed Natasha
  3032 | D:2      | Learned a level 4 spell: Flame Wave
  3242 | D:3      | Found a blossoming altar of Fedhas.
  3242 | D:3      | Found an ancient bone altar of Kikubaaqudgha.
  3492 | D:3      | Noticed Robin
  3497 | D:3      | Killed Robin
  3559 | D:3      | Noticed Jessica
  3561 | D:3      | Killed Jessica
  3746 | D:3      | Found an opulent altar of Gozag.
  3828 | D:3      | Reached XP level 6. HP: 41/41 MP: 11/11
  3886 | D:3      | Found a faded altar of an unknown god.
  4341 | D:4      | Noticed Edmund
  4348 | D:4      | Reached skill level 4 in Spellcasting
  4351 | D:4      | Killed Edmund
  4480 | D:4      | Gained mutation: You are partially covered in slimy green
                  | scales. (AC +2) [demonic ancestry]
  4480 | D:4      | Reached XP level 7. HP: 42/46 MP: 13/13
  4860 | D:4      | Found a shimmering blue altar of Sif Muna.
  5349 | D:5      | Entered Level 5 of the Dungeon
  5349 | D:5      | Found an iron altar of Okawaru.
  5358 | D:5      | Reached skill level 5 in Fire Magic
  5515 | D:5      | Found a transporter.
  5518 | D:5      | Noticed DEFE's ghost (amateur DsFi)
  5630 | D:5      | Reached skill level 5 in Spellcasting
  5684 | D:5      | Learned a level 1 spell: Sting
  5689 | D:5      | Learned a level 4 spell: Olgreb's Toxic Radiance
  5739 | D:5      | Found a bloodstained altar of Trog.
  5807 | D:5      | Found a staircase to the Ecumenical Temple.
  5816 | Temple   | Entered the Ecumenical Temple
  5958 | D:5      | Found a sparkling altar of Nemelex Xobeh.
  6003 | D:5      | Found a transporter.
  6065 | D:5      | Reached XP level 8. HP: 52/52 MP: 14/16
  6266 | D:6      | Reached skill level 5 in Conjurations
  6306 | D:6      | Noticed Blork the orc
  6313 | D:6      | Killed Blork the orc
  6324 | D:6      | Found a glowing drain.
  6340 | Sewer    | Entered a sewer
  6438 | Sewer    | Reached skill level 6 in Spellcasting
  6554 | Sewer    | Reached skill level 1 in Transmutations
  7155 | D:6      | Noticed a hornet
  7161 | D:6      | Killed a hornet
  7435 | D:6      | Gained mutation: You are mostly covered in slimy green
                  | scales. (AC +3) [demonic ancestry]
  7435 | D:6      | Reached XP level 9. HP: 57/57 MP: 15/19
  7545 | D:6      | Reached skill level 7 in Spellcasting
  8253 | D:7      | Found a shadowy altar of Dithmenos.
  8846 | D:7      | Found a sacrificial altar of Ru.
  8855 | D:7      | Reached skill level 8 in Spellcasting
  9159 | D:8      | Noticed Grum
  9173 | D:8      | Killed Grum
  9174 | D:8      | Reached skill level 1 in Poison Magic
  9653 | D:8      | Found a stormy altar of Qazlal.
  9715 | D:8      | Found a snail-covered altar of Cheibriados.
  9798 | D:8      | Gained mutation: Spells you cast may paralyse nearby
                  | enemies. [demonic ancestry]
  9798 | D:8      | Reached XP level 10. HP: 64/64 MP: 22/22
 10081 | D:8      | Found a staircase to the Lair.
 10095 | D:8      | Found a broken altar of Ashenzari.
 10379 | D:9      | Found a runed translucent door.
 10379 | D:9      | Noticed nabbywabby's ghost (novice DsNe)
 10379 | D:9      | Noticed a gargoyle
 10408 | D:9      | Reached skill level 9 in Spellcasting
 10648 | D:9      | Found a staircase to the Orcish Mines.
 10997 | D:9      | Found a radiant altar of Vehumet.
 11305 | D:9      | Found a shimmering altar of Xom.
 11306 | D:9      | Found a shimmering altar of Xom.
 11306 | D:9      | Found a shimmering altar of Xom.
 11306 | D:9      | Found a shimmering altar of Xom.
 11318 | D:9      | Found a shimmering altar of Xom.
 11320 | D:9      | Found a shimmering altar of Xom.
 11381 | D:9      | Noticed a cyclops
 11391 | D:9      | Killed a cyclops
 11885 | D:10     | Entered Level 10 of the Dungeon
 12104 | D:10     | Killed an enormous slime creature
 12105 | D:10     | Reached skill level 10 in Spellcasting
 12343 | D:10     | Reached XP level 11. HP: 69/69 MP: 13/25
 12455 | D:10     | Reached skill level 5 in Poison Magic
 12657 | D:10     | Found a hazy altar of Hepliaklqana.
 12781 | D:10     | Noticed Erica
 12782 | D:10     | Noticed a two-headed ogre
 12797 | D:10     | Killed Erica
 12798 | D:10     | Killed a two-headed ogre
 12799 | D:10     | Reached skill level 11 in Spellcasting
 12950 | D:9      | Became a worshipper of Vehumet
 13024 | Lair:1   | Entered Level 1 of the Lair of Beasts
 13276 | Lair:1   | Reached skill level 1 in Fighting
 13475 | Lair:1   | Reached skill level 1 in Maces & Flails
 13928 | Lair:2   | Reached skill level 12 in Spellcasting
 13936 | Lair:2   | Reached * piety under Vehumet
 13936 | Lair:2   | Offered knowledge of Freeze by Vehumet.
 14213 | Lair:2   | Gained mutation: You are completely covered in slimy green
                  | scales. (AC +4, rPois) [demonic ancestry]
 14213 | Lair:2   | Reached XP level 12. HP: 76/76 MP: 23/28
 14431 | Lair:2   | Found a staircase to the Shoals.
 14809 | Lair:2   | Identified the +0 cloak "Uqotont" {rPois rC+ rCorr}
 15411 | Lair:3   | Offered knowledge of Sandblast by Vehumet.
 15414 | Lair:3   | Learned a level 1 spell: Sandblast
 15664 | Lair:3   | Reached ** piety under Vehumet
 15770 | Lair:3   | Reached skill level 13 in Spellcasting
 15800 | Lair:3   | You fall into a shaft and drop 2 floors!
 15800 | Lair:5   | Entered Level 5 of the Lair of Beasts
 15815 | Lair:5   | Reached skill level 10 in Fire Magic
 15833 | Lair:5   | Offered knowledge of Mephitic Cloud by Vehumet.
 16051 | Lair:5   | Reached *** piety under Vehumet
 16092 | Lair:5   | Reached XP level 13. HP: 81/82 MP: 30/30
 16231 | Lair:5   | Reached skill level 14 in Spellcasting
 16385 | Lair:5   | Offered knowledge of Frozen Ramparts by Vehumet.
 16608 | Lair:5   | Identified the ring "Efomugig" {rF+ rN+ MP+9 Dex+3}
 16608 | Lair:5   | Noticed Sonja
 16621 | Lair:5   | Killed Sonja
 17060 | Lair:5   | Reached **** piety under Vehumet
 17073 | Lair:5   | Offered knowledge of Fireball by Vehumet.
 17243 | Lair:5   | Learned a level 5 spell: Fireball
 17257 | Lair:5   | Reached skill level 15 in Spellcasting
 18107 | Lair:4   | Gained mutation: You have large cloven feet. [demonic
                  | ancestry]
 18107 | Lair:4   | Reached XP level 14. HP: 24/90 MP: 25/33
 18108 | Lair:4   | Reached ***** piety under Vehumet
 18112 | Lair:4   | Offered knowledge of Arcjolt by Vehumet.
 18244 | Lair:4   | Found a viscous altar of Jiyva.
 18245 | Lair:4   | Found a staircase to the Slime Pits.
 18655 | Lair:4   | Identified the +3 pair of boots of the Wasteland {Int+2}
 18810 | Lair:4   | Found a blossoming altar of Fedhas.
 19890 | Lair:3   | Found a sacrificial altar of Ru.
 20389 | Lair:3   | Found a hole to the Spider Nest.
 20746 | D:8      | Learned a level 5 spell: Arcjolt
 20810 | Orc:1    | Entered Level 1 of the Orcish Mines
 20810 | Orc:1    | Noticed Urug
 20816 | Orc:1    | Killed Urug
 21011 | Orc:2    | Entered Level 2 of the Orcish Mines
 21011 | Orc:2    | Found Zegraim's Assorted Antiques.
 21017 | Orc:2    | Found Yddiolar's Magic Scroll Boutique.
 21053 | Orc:2    | Paralysed by an orc sorcerer for 2 turns
 21346 | Orc:2    | Paralysed by an orc sorcerer for 4 turns
 21497 | Orc:2    | Noticed Saint Roka
 21710 | Orc:2    | Saint Roka changed into Saint Roka the shapeshifter
 22108 | Orc:2    | Reached skill level 10 in Poison Magic
 22356 | Orc:2    | Found Sigistit's General Store.
 22402 | Orc:2    | Found Pugo's Antique Weapon Emporium.
 22435 | Orc:2    | Found Toss's Antique Armour Emporium.
 22711 | Orc:2    | Found a corrupted altar of Lugonu.
 22720 | Orc:2    | Reached skill level 16 in Spellcasting
 22756 | Orc:2    | Found a one-way gate to the infinite horrors of the Abyss.
 22942 | Orc:2    | Found a staircase to the Elven Halls.
 23092 | Orc:2    | Found Himebb's Assorted Antiques.
 23172 | Orc:2    | Found Joahis's Jewellery Shop.
 23196 | Orc:2    | Offered knowledge of Starburst by Vehumet.
 23261 | Orc:2    | Found Ceoda's Jewellery Emporium.
 23430 | Orc:2    | Learned a level 6 spell: Starburst
 23983 | D:9      | Killed nabbywabby's ghost
 24157 | Spider:1 | Entered Level 1 of the Spider Nest
 24163 | Spider:1 | Noticed Asterion
 24195 | Spider:1 | Noticed a cacodemon
 24303 | Spider:1 | Killed from afar by Asterion

Illustrated notes

Levels and vault maps discovered:
D:1:      mrwooster_arrival_statue_2, layout_loops_corners
D:2:      layout_basic, minmay_increasing_density, uniq_natasha
D:3:      layout_loops_ring, grunt_temple_overflow_growth_and_decay,
          nicolae_gozag_cash_rules_everything_around_me,
          shapermc_ecumenical_altar_acropolis, guppyfry_early_orc_mine,
          uniq_robin, uniq_jessica
D:4:      layout_layer_cave, kennysheep_orc_sif_temple, uniq_edmund
D:5:      layout_cave_pools, mainiacjoe_overflow_small_starburst,
          kennysheep_little_box, okawaru_metal_pillars_1_2, temple_hall,
          gammafunk_ghost_mausoleum, serial_column_ruins,
          column_ruins_open_tiny, column_ruins_columns_straight,
          column_ruins_corridor_corner, column_ruins_grid_3,
          column_ruins_open_tiny, column_ruins_corridor_straight
D:6:      layout_basic, nicolae_tso_carved_into_rock,
          cheibrodos_sewer_entry_sluice, serial_glass, glass_columns_b,
          glass_columns_c, uniq_blork_the_orc
D:7:      layout_rooms, mainiacjoe_overflow_tiny_flanked,
          nicolae_dithmenos_shadow_blocks
D:8:      layout_cave_pools, nicolae_qazlal_eye_of_the_storm,
          mainiacjoe_overflow_paths, mainiacjoe_overflow_alcove_1,
          lair_entry_dummy, chequers_serial_rivers_small_a,
          minmay_crystal_water, minmay_parallelograms, uniq_grum
D:9:      layout_basic, nicolae_vehumet_radiance, xom_redecorated,
          zombieorc1_lemuel, ebering_ghost_inner_flame
D:10:     layout_roguey, mainiacjoe_overflow_brackets, uniq_erica
Temple:   hellmonk_temple_rainy
Lair:1:   layout_hall_layers, beast_lair_carwin_3
Lair:2:   layout_cave_pods, minmay_shoals_entry_centaurs, grunt_megastairs_2
Lair:3:   layout_cave_pods, nicolae_spider_entry_non_spiders, basic_altar,
          beast_lair_carwin_7
Lair:4:   layout_loops_ring, minmay_slime_entry_jelly_boxes, tgw_fedhas
Lair:5:   minmay_lair_end_frog_pond, layout_gridlike, uniq_sonja
Spider:1: layout_spider_delve, uniq_asterion
Orc:1:    layout_diamond_mine, uniq_urug
Orc:2:    grunt_orc_cross, layout_caves, serial_shops,
          nicolae_shop_hallway_stairs, shop, nicolae_shop_hallway_stairs, shop,
          amcnicky_altar_lugonu_corruption

Skill      XL: |  1  2  3  4  5  6  7  8  9 10 11 12 13 14 |
---------------+-------------------------------------------+-----
Fire Magic     | 3 4 5 6 7 8 9 10 11 12 | 12.0
Dodging        | 2 3 |  3.3
Conjurations   | 2 3 4 5 6 7 8 9 |  9.3
Spellcasting   | 3 4 5 6 8 10 12 13 15 16 | 16.1
Transmutations | 1 2 |  2.0
Poison Magic   | 2 4 7 8 9 10 | 10.3
Fighting       | 1 2 |  2.3
Maces & Flails | 1 2 |  2.5
Stealth        | |  1.7
Shields        | |  0.2

Action                   |  1- 3 |  4- 6 |  7- 9 | 10-12 | 13-15 || total
-------------------------+-------+-------+-------+-------+-------++-------
Melee: Whip              |     5 |     4 |     1 |    55 |    87 ||   152
       Punch             |       |       |       |     1 |     3 ||     4
       Eveningstar       |       |       |       |       |    10 ||    10
 Cast: Foxfire           |    65 |   125 |   271 |   197 |   206 ||   864
       Scorch            |       |    22 |    60 |    94 |   103 ||   279
       Sting             |       |       |    24 |       |       ||    24
       Kindle Blastspark |       |       |     1 |       |       ||     1
       Flame Wave        |       |       |       |    26 |    20 ||    46
       Olgreb's Toxic Ra |       |       |       |    63 |   123 ||   186
       Fireball          |       |       |       |       |    97 ||    97
  Use: Scroll            |       |    12 |    10 |     3 |     1 ||    26
       Potion            |       |       |       |     6 |     1 ||     7
 Stab: Paralysed         |     2 |     1 |       |    13 |     8 ||    24
       Distracted        |       |       |       |     1 |     1 ||     2
       Confused          |       |       |       |       |     2 ||     2
Armor: Robe              |     1 |     2 |     6 |    29 |    45 ||    83
Dodge: Dodged            |     8 |    10 |    16 |    64 |    79 ||   177
Block: Other             |       |     1 |     5 |    12 |       ||    18
       Reflection        |       |       |     1 |     2 |       ||     3

Table legend: (Time is in decaauts)
 A = Elapsed time spent in this place.
 B = Non-inter-level travel time spent in this place.
 C = Inter-level travel time spent in this place.
 D = Time resting spent in this place.
 E = Time spent auto-exploring this place.
 F = Levels seen in this place.
 G = Mean time per level.
                   A        B        C        D        E       F      G
               +--------+--------+--------+--------+--------+-----+--------+
         Total |  24409 |  23554 |    855 |    533 |  19276 |  20 | 1220.4 |
       Dungeon |  12663 |  12035 |    628 |    309 |  10023 |  10 | 1266.3 |
        Temple |     27 |     25 |      2 |      0 |     10 |   1 |   27.0 |
          Lair |   7918 |   7759 |    159 |     98 |   6364 |   5 | 1583.6 |
   Spider Nest |     25 |     25 |      0 |      0 |      0 |   1 |   25.0 |
  Orcish Mines |   3142 |   3078 |     64 |    126 |   2408 |   2 | 1571.0 |
         Sewer |    631 |    631 |      0 |      0 |    469 |   1 |  631.0 |
               +--------+--------+--------+--------+--------+-----+--------+

Top non-repeatable levels by time:
  Lair:5: 2269 daAuts
   Orc:2: 2218 daAuts
     D:9: 1744 daAuts
  Lair:4: 1665 daAuts
  Lair:3: 1612 daAuts
     D:2: 1599 daAuts
  Lair:2: 1482 daAuts
     D:1: 1471 daAuts
     D:8: 1323 daAuts
     D:6: 1319 daAuts
     D:4: 1216 daAuts
     D:3: 1070 daAuts
     D:7: 1060 daAuts
    D:10: 1053 daAuts
   Orc:1: 924 daAuts
